 Dungeon Sprint DCSS version 0.22-a0-456-g11ed031 (webtiles) character file.

52812459 raistware the Conqueror (level 22, 47/209 HPs)
             Began as a Minotaur Berserker on June 6, 2018.
             Was the Champion of Trog.
             Escaped with the Orb
             ... and 9 runes on June 7, 2018!
             The game lasted 01:42:11 (9738 turns).

raistware the Conqueror (Minotaur Berserker)        Turns: 9738, Time: 01:42:12

Health: 47/209     AC: 47    Str: 36    XL:     22   Next: 22%
Magic:  36/36      EV: 23    Int: 14    God:    Trog [******]
Gold:   1951       SH: 29    Dex: 14    Spells: 29/29 levels left

rFire    + + .     SeeInvis +   V - +8 demon trident of Trog's Indignation {vamp, *Rage rElec MR+ Str+2}
rCold    + . .     Gourm    +   N - +0 large shield "Laack" {-Tele rF+ rN+++ rCorr}
rNeg     + + +     Faith    .   O - +4 gold dragon scales
rPois    +         Spirit   .   y - +2 hat {MR+}
rElec    +         Reflect  .   f - +2 cloak
rCorr    +         Harm     .   B - +3 pair of gauntlets of War {Slay+5}
MR       +++..     Rnd*Rage +   u - +0 pair of boots Stlth +.........NoTele +
                                U - amulet of Giowos {Gourm *Corrode Str+3 Int+6}
HPRegen  0.44/turn              w - ring "Ezirrag" {*Corrode rN+ AC+3 Int+6}
MPRegen  0.25/turn              j - ring of the Vanishing Lovers {Dex+3 SInv}

@: no status effects
A: retaliatory headbutt, horns 2, deterioration 2, dopey 1, frail 1, screaming 1
0: Orb of Zot
}: 9/15 runes: decaying, serpentine, barnacled, slimy, elven, silver, golden,
abyssal, gossamer
a: Berserk, Trog's Hand, Brothers in Arms, Renounce Religion


You escaped.
You worshipped Trog.
Trog was exalted by your worship.
You were full.

You visited 1 branch You collected 1951 gold pieces.

Inventory:

Hand Weapons
 m - a +4 scimitar of flaming
 n - a +1 falchion of holy wrath
 p - a +0 hand axe
 v - a +4 antimagic demon whip
 z - the +2 trident of Honesty {drain, rElec rN+}
   (Trog gifted it to you in the Dungeon)

   A truly terrible weapon, it drains the life of those it strikes.
   It insulates you from electricity.
   It protects you from negative energy.
 A - a +0 eveningstar of holy wrath
 G - the +3 falchion "Sahynusm" {slice, *Noise rC+++ rN+++ Stlth+}
   (Trog gifted it to you in the Dungeon)

   It inflicts extra damage upon your enemies.
   It renders you almost immune to cold.
   It renders you almost immune to negative energy.
   It may make noises in combat.
   It makes you more stealthy.
 K - a +3 antimagic triple sword
 V - the +8 demon trident of Trog's Indignation (weapon) {vamp, *Rage rElec MR+ Str+2}
   (Trog gifted it to you in the Dungeon)

   It inflicts no extra harm, but heals its wielder when it wounds a living foe.
   It affects your strength (+2).
   It insulates you from electricity.
   It affects your resistance to hostile enchantments.
   It may make you go berserk in combat.
Missiles
 J - 28 javelins of penetration (quivered)
Armour
 f - a +2 cloak (worn)
 u - a +0 pair of boots (worn)
 y - a +2 hat of magic resistance (worn)
 B - the +3 pair of gauntlets of War (worn) {Slay+5}
   (You found it in the Dungeon)

   It affects your accuracy and damage with ranged weapons and melee attacks
   (+5).
 N - the +0 large shield "Laack" (worn) {-Tele rF+ rN+++ rCorr}
   (You found it in the Dungeon)

   It protects you from fire.
   It renders you almost immune to negative energy.
   It prevents most forms of teleportation.
   It protects you from acid and corrosion.
 O - +4 gold dragon scales (worn)
Jewellery
 b - the amulet of Zecumm {Reflect +Blink Int+2 Dex+3 SH+6}
   (You found it in the Dungeon)

   [amulet of reflection]

   It shields you and reflects attacks.
   It affects your intelligence (+2).
   It affects your dexterity (+3).
   It lets you blink.
   It affects your SH (+6).
 j - the ring of the Vanishing Lovers (right hand) {Dex+3 SInv}
   (You found it in the Dungeon)

   [ring of see invisible]

   It affects your dexterity (+3).
   It lets you see invisible.
 w - the ring "Ezirrag" (left hand) {*Corrode rN+ AC+3 Int+6}
   (You found it in the Dungeon)

   [ring of protection]

   It affects your AC (+3).
   It affects your intelligence (+6).
   It protects you from negative energy.
   It may corrode you when you take damage.
 H - the ring "Giasuh" {rF+ rC+}
   (You found it in the Dungeon)

   [ring of protection from cold]

   It protects you from fire.
   It protects you from cold.
 U - the amulet of Giowos (around neck) {Gourm *Corrode Str+3 Int+6}
   (You found it in the Dungeon)

   [amulet of the gourmand]

   It allows you to eat raw meat even when not hungry.
   It affects your strength (+3).
   It affects your intelligence (+6).
   It may corrode you when you take damage.
Wands
 l - a wand of iceblast (7)
 W - a wand of digging (14)
Scrolls
 i - a scroll of blinking
 k - 6 scrolls of remove curse
 r - 5 scrolls of fog
 s - 4 scrolls of fear
 t - 3 scrolls of identify
 x - 3 scrolls of enchant weapon
Potions
 d - 9 potions of curing
 e - 2 potions of heal wounds
 g - 5 potions of magic
 h - a potion of invisibility
 o - a potion of agility
 q - a potion of ambrosia
 C - 3 potions of might
 D - 7 potions of haste
 E - a potion of berserk rage
 P - 3 potions of brilliance
 Q - 3 potions of mutation
Comestibles
 c - 2 rations


   Skills:
 O Level 27 Fighting
 O Level 27 Long Blades
 O Level 27 Axes
 O Level 27 Maces & Flails
 O Level 27 Polearms
 + Level 25.6 Throwing
 O Level 27 Armour
 O Level 27 Dodging
 + Level 23.9 Stealth
 O Level 27 Shields
 O Level 27 Unarmed Combat
 - Level 4.2 Spellcasting
 + Level 23.9 Evocations


You had 29 spell levels left.
You didn't know any spells.
Your spell library was empty.

Dungeon Overview and Level Annotations

Branches:
Dungeon (1/1)

Altars:
Cheibriados
Dithmenos
Elyvilon
Fedhas
Gozag
Hepliaklqana
Kikubaaqudgha
Makhleb
Nemelex Xobeh
Okawaru
Qazlal
Ru
Sif Muna
Trog
Uskayaw
Vehumet
Wu Jian
Xom
Yredelemnul
Zin
The Shining One
Beogh
Jiyva
Lugonu

Shops:
D ?([:


Innate Abilities, Weirdness & Mutations

You reflexively headbutt those who attack you in melee.
You have a pair of horns on your head.
Your body often deteriorates upon taking damage.
You are dopey. (Int -2)
You are frail. (-10% HP)
You occasionally shout uncontrollably at your foes.


Message History

You are too injured to fight recklessly!
You impale the orange demon!! You headbutt the orange demon!
The orange demon is almost dead.
You stick the orange demon like a pincushion!!!
You kill the orange demon!
Trog accepts your kill. The Brimstone Fiend gestures at you.
The sphere of damnation explodes!
The damnation engulfs you!
Your skin stops crawling.
You feel less resistant to hostile enchantments.
You recover from your berserk rage.
The Brimstone Fiend calls on the powers of darkness!
Your body is wracked with pain!
* * * LOW HITPOINT WARNING * * *
There is an open door to the Dungeon, spattered with blood here.
You see here a club.
You close the door, pushing everything out of the way.
There is a staircase leading out of the dungeon here.
You can't go down here!
You have escaped!

▓.▓.▓.▓.▓.▓.▓.▓.▓.
▓.▓.▓'▓.▓.▓.▓.▓.▓.
▓.▓.▓.▓.▓.▓.▓.▓.▓.
▓.▓.▓.▓.▓.▓.▓.▓.▓.
▓+▓.▓.▓.▓.▓.▓.▓.▓.
▓.▓.▓.▓.▓.▓.▓.▓)▓.
▓.▓.▓.▓.▓.▓.▓.▓.▓.
▓.▓.▓.▓.▓.▓.▓.▓.▓.
▓@▓...▓...▓...▓...
▓▓▓▓▓▓▓▓▓▓▓▓▓▓▓▓▓▓


There were no monsters in sight!

Vanquished Creatures
  the Royal Jelly (D)
  5 ancient liches (D)
  3 orbs of fire (D)
  Sojobo (D)
  3 greater mummies (D)
  A curse toe (D)
  2 Killer Klowns (D)
  Jory (D)
  Nikola (D)
  3 golden dragons (D)
  An electric golem (D)
  3 bone dragons (D)
  2 Brimstone Fiends (D)
  5 tentacled monstrosities (D)
  An Ice Fiend (D)
  40 Orb Guardians (D)
  2 Hell Sentinels (D)
  A lich (D)
  A quicksilver dragon (D)
  2 deep elf blademasters (D)
  9 acid blobs (D)
  A tentacled starspawn (D)
  A deep elf master archer (D)
  2 death cobs (D)
  Gastronok (D)
  13 sphinxes (D)
  Agnes (D)
  2 tengu reavers (D)
  10 pandemonium lords (D)
  4 shadow dragons (D)
  4 storm dragons (D)
  A draconian monk (D)
  2 nagarajas (D)
  Ilsuiw (D)
  2 azure jellies (D)
  2 frost giants (D)
  Louise (D)
  A draconian knight (D)
  2 deep elf sorcerers (D)
  A vault warden (D)
  A fire giant (D)
  A ghost moth (D)
  Aizul (D)
  A cacodemon (D)
  3 draconian shifters (D)
  A balrug (D)
  6 emperor scorpions (D)
  A warmonger (D)
  3 stone giants (D)
  5 ironheart preservers (D)
  A war gargoyle (D)
  A draconian stormcaller (D)
  A draconian annihilator (D)
  9 vampire knights (D)
  A corrupter (D)
  A black draconian (D)
  A deep elf demonologist (D)
  2 green draconians (D)
  2 red draconians (D)
  2 yellow draconians (D)
  2 deep elf annihilators (D)
  3 white draconians (D)
  A spark wasp (D)
  2 ettins (D)
  A deep elf death mage (D)
  5 purple draconians (D)
  A mummy priest (D)
  4 large abominations (D)
  Snorg (D)
  A blizzard demon (D)
  A fire dragon (D)
  6 death oozes (D)
  A merfolk javelineer (D)
  A green death (D)
  3 yaktaur captains (D)
  23 vault guards (D)
  3 merfolk impalers (D)
  5 deep elf high priests (D)
  2 great orbs of eyes (D)
  4 ice dragons (D)
  3 naga warriors (D)
  A monstrous demonspawn (D)
  6 hydras (D)
  A merfolk avatar (D)
  An anaconda (D)
  3 centaur warriors (D)
  4 merfolk aquamancers (D)
  A two-headed ogre (D)
  2 deep troll earth magi (D)
  A tengu warrior (D)
  A deep troll shaman (D)
  A spriggan berserker (D)
  A shock serpent (D)
  A thrashing horror (D)
  3 orc high priests (D)
  A soul eater (D)
  A deep elf knight (D)
  3 sun demons (D)
  4 sixfirhies (D)
  2 sea snakes (D)
  A glowing orange brain (D)
  A shadow demon (D)
  2 swamp dragons (D)
  A flayed ghost (D)
  A deep elf archer (D)
  An ironbrand convoker (D)
  A wizard (D)
  An orb spider (shapeshifter) (D)
  A mana viper (D)
  A harpy (D)
  3 wolf spiders (D)
  16 moths of wrath (D)
  2 ugly things (D)
  A cyclops (D)
  A manticore (D)
  A black mamba (D)
  2 guardian serpents (D)
  A toenail golem (D)
  8 rust devils (D)
  A water nymph (D)
  A naga mage (D)
  A merfolk siren (D)
  A vault sentinel (D)
  5 orange demons (D)
  10 smoke demons (D)
  A yaktaur (D)
  A hellion (D)
  3 ice devils (D)
  An ancient zyme (D)
  3 demonic crawlers (D)
  11 hellwings (D)
  18 guardian mummies (D)
  2 merfolk (D)
  11 red devils (D)
  A wandering mushroom (D)
  6 polar bears (D)
  A jumping spider (D)
  A hornet (D)
  A polar bear (shapeshifter) (D)
  11 spriggans (D)
  2 redbacks (D)
  A water elemental (D)
  A wyvern (D)
  A tarantella (D)
  4 ynoxinuls (D)
  3 golden eyes (D)
  A yak (shapeshifter) (D)
  2 small abominations (D)
  5 chaos spawn (D)
  A hungry ghost (D)
  A vampire mosquito (D)
  3 neqoxecs (D)
  2 nagas (D)
  An acid dragon (D)
  2 floating eyes (D)
  A swamp drake (D)
  3 black bears (D)
  5 orc warriors (D)
  A sky beast (D)
  3 eyes of draining (D)
  An ogre (D)
  A phantom (D)
  A bullfrog (D)
  4 crimson imps (D)
  A quasit (D)
  An iron imp (D)
  2 jellies (D)
  4 orc priests (D)
  An orc wizard (D)
  2 shadow imps (D)
  2 white imps (D)
  An ufetubus (D)
  An adder skeleton (D)
  An adder zombie (D)
  An orc (D)
  A bat (D)
  2 bat skeletons (D)
  A bat zombie (D)
  2 giant cockroaches (D)
  A goblin (D)
  3 hobgoblins (D)
  A leopard gecko zombie (D)
510 creatures vanquished.

Vanquished Creatures (collateral kills)
  Mara (D)
  An ancient lich (D)
  2 greater mummies (D)
  Frederick (D)
  A Brimstone Fiend (D)
  A lich (D)
  A tentacled monstrosity (D)
  An acid blob (D)
  A shadow dragon (D)
  A storm dragon (D)
  A fire giant (D)
  4 nagarajas (D)
  A frost giant (D)
  2 emperor scorpions (D)
  An ironheart preserver (D)
  A draconian annihilator (D)
  A green draconian (D)
  A stone giant (D)
  A red draconian (D)
  2 mummy priests (D)
  A yaktaur captain (D)
  A merfolk javelineer (D)
  4 fire dragons (D)
  2 ogre magi (D)
  2 vault guards (D)
  A rakshasa (D)
  A naga warrior (D)
  2 centaur warriors (D)
  A merfolk avatar (D)
  An alligator (D)
  A merfolk aquamancer (D)
  4 hydras (D)
  A death yak (D)
  A death knight (D)
  3 orc high priests (D)
  A spriggan (D)
  A shadow wraith (D)
  A spriggan druid (D)
  An unseen horror (D)
  3 swamp dragons (D)
  A wizard (D)
  An ironbrand convoker (D)
  2 orc knights (D)
  A wolf spider (D)
  A harpy (D)
  An orc sorcerer (D)
  An ugly thing (D)
  A black mamba (D)
  3 naga magi (D)
  4 spiny frogs (D)
  A freezing wraith (D)
  2 yaktaurs (D)
  2 guardian mummies (D)
  A jumping spider (shapeshifter) (D)
  A tyrant leech (D)
  A hornet (D)
  A dream sheep (D)
  A hippogriff (D)
  A ynoxinul (D)
  A steam dragon (shapeshifter) (D)
  5 yaks (D)
  A basilisk (D)
  A golden eye (D)
  A vampire mosquito (D)
  A floating eye (D)
  2 water moccasins (D)
  9 orc warriors (D)
  A swamp drake (D)
  A black bear (D)
  A bullfrog (D)
  3 orc wizards (D)
  6 orc priests (D)
  4 orcs (D)
123 creatures vanquished.

Vanquished Creatures (others)
  An iron imp (D)
1 creature vanquished.

Grand Total: 634 creatures vanquished

Notes
Turn   | Place    | Note
-------+----------+-------------------------------------------
     0 | D        | raistware the Minotaur Berserker began the quest for the Orb.
     0 | D        | Reached XP level 1. HP: 19/19 MP: 0/0
     5 | D        | Reached skill level 5 in Long Blades
    11 | D        | Reached ** piety under Trog
   133 | D        | Noticed a sky beast
   133 | D        | Noticed an ogre
   135 | D        | Reached XP level 2. HP: 23/26 MP: 1/1
   139 | D        | Reached *** piety under Trog
   141 | D        | Killed an ogre
   141 | D        | Reached XP level 3. HP: 31/31 MP: 2/2
   141 | D        | Reached XP level 4. HP: 39/39 MP: 3/3
   149 | D        | Killed a sky beast
   149 | D        | Reached XP level 5. HP: 29/45 MP: 4/4
   160 | D        | Found a roughly hewn altar of Beogh.
   160 | D        | Found a snail-covered altar of Cheibriados.
   160 | D        | Found a shadowy altar of Dithmenos.
   160 | D        | Found a white marble altar of Elyvilon.
   160 | D        | Found a blossoming altar of Fedhas.
   160 | D        | Found an opulent altar of Gozag.
   161 | D        | Found a hazy altar of Hepliaklqana.
   162 | D        | Found a viscous altar of Jiyva.
   163 | D        | Found an ancient bone altar of Kikubaaqudgha.
   164 | D        | Found a corrupted altar of Lugonu.
   165 | D        | Found a burning altar of Makhleb.
   166 | D        | Found a sparkling altar of Nemelex Xobeh.
   167 | D        | Found an iron altar of Okawaru.
   168 | D        | Found a stormy altar of Qazlal.
   169 | D        | Found a sacrificial altar of Ru.
   170 | D        | Found a deep blue altar of Sif Muna.
   171 | D        | Found a bloodstained altar of Trog.
   172 | D        | Found a hide-covered altar of Uskayaw.
   173 | D        | Found a radiant altar of Vehumet.
   174 | D        | Found an ornate altar of the Wu Jian Council.
   175 | D        | Found a shimmering altar of Xom.
   176 | D        | Found a basalt altar of Yredelemnul.
   177 | D        | Found a glowing silver altar of Zin.
   178 | D        | Found a glowing golden altar of the Shining One.
   311 | D        | Noticed a black bear
   311 | D        | Noticed an orc warrior
   319 | D        | Reached **** piety under Trog
   322 | D        | Killed an orc warrior
   322 | D        | Reached skill level 15 in Long Blades
   322 | D        | Reached XP level 6. HP: 51/51 MP: 5/5
   337 | D        | Reached ***** piety under Trog
   337 | D        | Reached XP level 7. HP: 38/57 MP: 6/6
   363 | D        | Noticed a wyvern
   363 | D        | Noticed a two-headed ogre
   363 | D        | Noticed a centaur warrior
   370 | D        | Killed a centaur warrior
   370 | D        | Reached skill level 5 in Armour
   370 | D        | Reached skill level 5 in Dodging
   370 | D        | Reached XP level 8. HP: 71/71 MP: 7/7
   374 | D        | Killed a two-headed ogre
   381 | D        | Received a gift from Trog
   385 | D        | Reached XP level 9. HP: 54/82 MP: 8/8
   386 | D        | Got a shimmering dire flail {god gift}
   387 | D        | Identified the +5 dire flail of the First Beggars {antimagic, +Inv rElec rN++ Int-5} (Trog gifted it to you in the Dungeon)
   504 | D        | Noticed a spiny frog
   504 | D        | Noticed a spiny frog
   506 | D        | Killed a spiny frog
   506 | D        | Reached skill level 1 in Maces & Flails
   513 | D        | Noticed a death yak
   514 | D        | Killed a spiny frog
   518 | D        | Killed a death yak
   518 | D        | Reached skill level 5 in Maces & Flails
   520 | D        | Reached skill level 10 in Fighting
   528 | D        | Noticed a black mamba
   528 | D        | Noticed a spiny frog
   529 | D        | Received a gift from Trog
   530 | D        | Killed a spiny frog
   541 | D        | Killed a black mamba
   541 | D        | Reached skill level 10 in Armour
   547 | D        | Noticed a spiny frog
   552 | D        | Killed a spiny frog
   552 | D        | Reached XP level 10. HP: 94/94 MP: 9/9
   594 | D        | Reached skill level 10 in Dodging
   598 | D        | Received a gift from Trog
   612 | D        | Received a gift from Trog
   856 | D        | Noticed an orc high priest
   878 | D        | Killed an orc high priest
   909 | D        | Received a gift from Trog
   935 | D        | Noticed an orc sorcerer
   940 | D        | Noticed a sixfirhy
   948 | D        | Killed an orc sorcerer
   969 | D        | Received a gift from Trog
   982 | D        | Reached skill level 10 in Maces & Flails
  1094 | D        | Found Zitott's Book Boutique.
  1094 | D        | Noticed an orc high priest
  1094 | D        | Noticed an orc high priest
  1100 | D        | Killed an orc high priest
  1102 | D        | Killed an orc high priest
  1102 | D        | Received a gift from Trog
  1116 | D        | Found Kumyqer's Armour Shop.
  1118 | D        | Noticed an orc high priest
  1119 | D        | Found Heloguph's Antique Weapon Boutique.
  1122 | D        | Killed an orc high priest
  1122 | D        | Reached XP level 11. HP: 104/107 MP: 3/10
  1126 | D        | Noticed an orc high priest
  1135 | D        | Noticed a sixfirhy
  1146 | D        | Killed an orc high priest
  1153 | D        | Noticed an orc high priest
  1173 | D        | Killed an orc high priest
  1186 | D        | Found Atonn's Magic Scroll Shop.
  1200 | D        | Received a gift from Trog
  1297 | D        | Noticed Gastronok
  1412 | D        | Killed Gastronok
  1499 | D        | Found the +5 demon whip "Spellbinder" {antimagic, MR+}
  1512 | D        | Found the +3 pair of gauntlets of War {Slay+5}
  1570 | D        | Noticed a cyan ugly thing
  1570 | D        | Noticed a centaur warrior
  1570 | D        | Noticed a tengu warrior
  1571 | D        | Noticed a four-headed hydra
  1579 | D        | Noticed a centaur warrior
  1581 | D        | Killed a tengu warrior
  1583 | D        | Noticed a white ugly thing
  1585 | D        | Killed a centaur warrior
  1589 | D        | Killed a cyan ugly thing
  1589 | D        | Received a gift from Trog
  1593 | D        | Killed a four-headed hydra
  1593 | D        | Reached skill level 15 in Fighting
  1595 | D        | Noticed a deep troll shaman
  1599 | D        | Killed a centaur warrior
  1602 | D        | Noticed a flayed ghost
  1603 | D        | Killed a white ugly thing
  1603 | D        | Reached skill level 15 in Armour
  1604 | D        | Noticed an orb spider
  1604 | D        | a troll changed into an orb spider
  1607 | D        | Killed an orb spider
  1611 | D        | Killed a deep troll shaman
  1620 | D        | Killed a flayed ghost
  1679 | D        | Noticed Aizul
  1689 | D        | Killed Aizul
  1689 | D        | Reached XP level 12. HP: 122/122 MP: 11/11
  1760 | D        | Noticed a spark wasp
  1764 | D        | Reached skill level 1 in Shields
  1768 | D        | Reached skill level 15 in Dodging
  1784 | D        | Killed a spark wasp
  1819 | D        | Noticed a naga warrior
  1819 | D        | Noticed an anaconda
  1822 | D        | Killed an anaconda
  1822 | D        | Reached skill level 5 in Shields
  1828 | D        | Noticed a nagaraja
  1832 | D        | Killed a naga warrior
  1838 | D        | Killed a nagaraja
  1838 | D        | Received a gift from Trog
  2164 | D        | Noticed a merfolk aquamancer
  2168 | D        | Reached ****** piety under Trog
  2168 | D        | Received a gift from Trog
  2172 | D        | Received a gift from Trog
  2179 | D        | Killed a merfolk aquamancer
  2179 | D        | Received a gift from Trog
  2183 | D        | Reached XP level 13. HP: 111/136 MP: 12/12
  2350 | D        | Received a gift from Trog
  2712 | D        | Noticed a stone giant
  2712 | D        | Noticed a stone giant
  2715 | D        | Noticed a fire dragon
  2721 | D        | Killed a stone giant
  2721 | D        | Received a gift from Trog
  2722 | D        | Noticed a stone giant
  2730 | D        | Noticed a fire dragon
  2730 | D        | Noticed a fire giant
  2731 | D        | Noticed a frost giant
  2737 | D        | Killed a stone giant
  2741 | D        | Killed a fire dragon
  2744 | D        | Killed a stone giant
  2751 | D        | Noticed a fire dragon
  2751 | D        | Killed a fire dragon
  2752 | D        | Killed a fire giant
  2758 | D        | Killed a frost giant
  2758 | D        | Received a gift from Trog
  2764 | D        | Killed a fire dragon
  2766 | D        | Got an encrusted great sword {god gift}
  2769 | D        | Noticed a lich
  2772 | D        | Identified the +11 great sword of Evil {drain, rPois rN+} (Trog gifted it to you in the Dungeon)
  2772 | D        | Killed a lich
  2774 | D        | Noticed a sphinx
  2784 | D        | Killed a sphinx
  2784 | D        | Received a gift from Trog
  2899 | D        | Noticed a vault warden
  2899 | D        | Noticed a fire dragon
  2901 | D        | Noticed an ironheart preserver
  2905 | D        | Killed a fire dragon
  2912 | D        | Killed a vault warden
  2914 | D        | Received a gift from Trog
  2919 | D        | Killed an ironheart preserver
  2922 | D        | Reached XP level 14. HP: 151/151 MP: 4/13
  2945 | D        | Received a gift from Trog
  2954 | D        | Noticed an ironheart preserver
  2958 | D        | Noticed an ironheart preserver
  2963 | D        | Killed an ironheart preserver
  2963 | D        | Received a gift from Trog
  2973 | D        | Killed an ironheart preserver
  2979 | D        | Received a gift from Trog
  2980 | D        | Got a steaming falchion {god gift}
  2981 | D        | Identified the +3 falchion "Sahynusm" {slice, *Noise rC+++ rN+++ Stlth+} (Trog gifted it to you in the Dungeon)
  2999 | D        | Noticed an emperor scorpion
  3006 | D        | Killed an emperor scorpion
  3069 | D        | Noticed Mara
  3070 | D        | Noticed raistware's illusion
  3109 | D        | Killed Mara
  3188 | D        | Got the +0 large shield "Laack" {-Tele rF+ rN+++ rCorr}
  3243 | D        | Noticed Jory
  3255 | D        | Killed Jory
  3289 | D        | Noticed Frederick
  3301 | D        | Killed Frederick
  3301 | D        | Received a gift from Trog
  3302 | D        | Got a steaming flail {god gift}
  3303 | D        | Identified the +0 flail of Trog's Wrath {freeze, MR+ Int+3} (Trog gifted it to you in the Dungeon)
  3347 | D        | Noticed Snorg
  3359 | D        | Killed Snorg
  3377 | D        | Noticed a nagaraja
  3377 | D        | Noticed a nagaraja
  3377 | D        | Noticed a nagaraja
  3379 | D        | Killed a nagaraja
  3384 | D        | Killed a nagaraja
  3388 | D        | Killed a nagaraja
  3388 | D        | Received a gift from Trog
  3388 | D        | Noticed a nagaraja
  3396 | D        | Received a gift from Trog
  3397 | D        | Got an ichor-stained flail {god gift}
  3399 | D        | Killed a nagaraja
  3404 | D        | Identified the +6 flail of Fixation {drain, rPois rF+ Int+8 Stlth-} (Trog gifted it to you in the Dungeon)
  3488 | D        | Noticed a nagaraja
  3501 | D        | Killed a nagaraja
  3501 | D        | Received a gift from Trog
  3508 | D        | Got a serpentine rune of Zot
  3539 | D        | Noticed Ilsuiw
  3546 | D        | Reached skill level 10 in Shields
  3574 | D        | Received a gift from Trog
  3578 | D        | Killed Ilsuiw
  3578 | D        | Reached XP level 15. HP: 157/166 MP: 14/14
  3621 | D        | Received a gift from Trog
  3654 | D        | Got a barnacled rune of Zot
  3824 | D        | Received a gift from Trog
  3825 | D        | Got a smoking falchion {god gift}
  3826 | D        | Identified the +1 falchion of the Old World {speed, Str+4} (Trog gifted it to you in the Dungeon)
  3844 | D        | Got a decaying rune of Zot
  3868 | D        | Received a gift from Trog
  3984 | D        | Killed a ghost moth
  3999 | D        | Received a gift from Trog
  4021 | D        | Got a gossamer rune of Zot
  4082 | D        | Noticed a tengu reaver
  4082 | D        | Noticed a tengu reaver
  4083 | D        | Noticed Sojobo
  4084 | D        | Noticed Louise
  4091 | D        | Killed a tengu reaver
  4098 | D        | Killed a tengu reaver
  4098 | D        | Received a gift from Trog
  4106 | D        | Killed Sojobo
  4106 | D        | Reached skill level 15 in Shields
  4124 | D        | Killed Louise
  4131 | D        | Got a pitted great sword {god gift}
  4143 | D        | Identified the +3 great sword of Moich {slice, MR++} (Trog gifted it to you in the Dungeon)
  4185 | D        | Received a gift from Trog
  4186 | D        | Got a steaming falchion {god gift}
  4187 | D        | Identified the +8 falchion of Trog's Anger {slice, Int+6} (Trog gifted it to you in the Dungeon)
  4274 | D        | Received a gift from Trog
  4305 | D        | Received a gift from Trog
  4305 | D        | Reached XP level 16. HP: 132/181 MP: 15/15
  4405 | D        | Noticed an ancient lich
  4430 | D        | Killed an ancient lich
  4430 | D        | Received a gift from Trog
  4466 | D        | Noticed a shadow dragon
  4481 | D        | Reached skill level 27 in Fighting
  4482 | D        | Reached skill level 1 in Throwing
  4482 | D        | Reached skill level 1 in Stealth
  4482 | D        | Reached skill level 1 in Unarmed Combat
  4482 | D        | Reached skill level 1 in Evocations
  4485 | D        | Received a gift from Trog
  4501 | D        | Killed a shadow dragon
  4501 | D        | Reached skill level 27 in Armour
  4532 | D        | Got an ancient platinum amulet
  4533 | D        | Identified the amulet of Giowos {Gourm *Corrode Str+3 Int+6} (You found it in the Dungeon)
  4537 | D        | Noticed a shadow dragon
  4551 | D        | Received a gift from Trog
  4554 | D        | Killed a shadow dragon
  4554 | D        | Received a gift from Trog
  4556 | D        | Got a transparent demon trident {god gift}
  4760 | D        | Identified the +8 demon trident of Trog's Indignation {vamp, *Rage rElec MR+ Str+2} (Trog gifted it to you in the Dungeon)
  4761 | D        | Noticed a shadow dragon
  4761 | D        | Noticed a golden dragon
  4761 | D        | Noticed a shadow dragon
  4762 | D        | Noticed a shadow dragon
  4763 | D        | Found the amulet of Vitality {Regen+ HP+15}
  4773 | D        | Killed a shadow dragon
  4776 | D        | Reached skill level 5 in Polearms
  4783 | D        | Received a gift from Trog
  4791 | D        | Killed a golden dragon
  4791 | D        | Reached skill level 10 in Polearms
  4793 | D        | Received a gift from Trog
  4800 | D        | Killed a shadow dragon
  4814 | D        | Killed a shadow dragon
  4819 | D        | Received a gift from Trog
  4840 | D        | Identified the Compendium of the Congealing Rocks
  4842 | D        | Got a silver rune of Zot
  4866 | D        | Noticed Agnes
  4872 | D        | Killed Agnes
  4954 | D        | Got the amulet of Zecumm {Reflect +Blink Int+2 Dex+3 SH+6}
  4956 | D        | Got the ring of the Vanishing Lovers {Dex+3 SInv}
  4958 | D        | Got the ring "Ezirrag" {*Corrode rN+ AC+3 Int+6}
  4960 | D        | Got the ring "Fysir" {*Slow rF+ MR+ Dex+2 Stlth+}
  4962 | D        | Got the ring "Giasuh" {rF+ rC+}
  5065 | D        | Noticed Nikola
  5078 | D        | Killed Nikola
  5078 | D        | Received a gift from Trog
  5078 | D        | Reached skill level 5 in Unarmed Combat
  5129 | D        | Noticed a quicksilver dragon
  5136 | D        | Reached skill level 5 in Throwing
  5145 | D        | Received a gift from Trog
  5145 | D        | Reached skill level 5 in Stealth
  5145 | D        | Reached skill level 5 in Evocations
  5151 | D        | Reached skill level 15 in Polearms
  5157 | D        | Killed a quicksilver dragon
  5171 | D        | Received a gift from Trog
  5193 | D        | Noticed a storm dragon
  5193 | D        | Noticed a bone dragon
  5193 | D        | Noticed a bone dragon
  5202 | D        | Killed a bone dragon
  5202 | D        | Reached XP level 17. HP: 191/191 MP: 20/20
  5211 | D        | Killed a bone dragon
  5227 | D        | Received a gift from Trog
  5234 | D        | Received a gift from Trog
  5235 | D        | Got a steaming long sword {god gift}
  5271 | D        | Identified the +3 long sword of Overwhelming Force {flame, +Rage rPois MR++ Dex-4} (Trog gifted it to you in the Dungeon)
  5324 | D        | Received a gift from Trog
  5324 | D        | Reached skill level 15 in Maces & Flails
  5327 | D        | Received a gift from Trog
  5381 | D        | Noticed a tentacled monstrosity
  5404 | D        | Received a gift from Trog
  5411 | D        | Reached skill level 10 in Unarmed Combat
  5412 | D        | Killed a tentacled monstrosity
  5420 | D        | Received a gift from Trog
  5442 | D        | Noticed a tentacled monstrosity
  5446 | D        | Received a gift from Trog
  5452 | D        | Received a gift from Trog
  5452 | D        | Reached skill level 10 in Throwing
  5455 | D        | Killed a tentacled monstrosity
  5461 | D        | Received a gift from Trog
  5480 | D        | Noticed a tentacled monstrosity
  5487 | D        | Noticed a tentacled monstrosity
  5490 | D        | Killed a tentacled monstrosity
  5498 | D        | Received a gift from Trog
  5506 | D        | Reached skill level 10 in Stealth
  5511 | D        | Killed a tentacled monstrosity
  5511 | D        | Reached skill level 10 in Evocations
  5621 | D        | Noticed an Orb Guardian
  5621 | D        | Noticed an Orb Guardian
  5621 | D        | Noticed an Orb Guardian
  5621 | D        | Noticed an Orb Guardian
  5621 | D        | Noticed an Orb Guardian
  5621 | D        | Noticed an Orb Guardian
  5626 | D        | Killed an Orb Guardian
  5626 | D        | Reached skill level 1 in Axes
  5636 | D        | Killed an Orb Guardian
  5641 | D        | Killed an Orb Guardian
  5641 | D        | Received a gift from Trog
  5645 | D        | Killed an Orb Guardian
  5651 | D        | Killed an Orb Guardian
  5657 | D        | Killed an Orb Guardian
  5657 | D        | Reached skill level 5 in Axes
  5657 | D        | Reached XP level 18. HP: 200/200 MP: 25/25
  5658 | D        | Noticed an Orb Guardian
  5659 | D        | Noticed an Orb Guardian
  5660 | D        | Noticed an Orb Guardian
  5661 | D        | Noticed an Orb Guardian
  5664 | D        | Killed an Orb Guardian
  5664 | D        | Reached skill level 27 in Dodging
  5669 | D        | Killed an Orb Guardian
  5669 | D        | Received a gift from Trog
  5673 | D        | Killed an Orb Guardian
  5679 | D        | Killed an Orb Guardian
  5687 | D        | Noticed a tentacled monstrosity
  5687 | D        | Noticed an Orb Guardian
  5687 | D        | Noticed an Orb Guardian
  5691 | D        | Noticed an Orb Guardian
  5697 | D        | Noticed an Orb Guardian
  5701 | D        | Killed a tentacled monstrosity
  5706 | D        | Killed an Orb Guardian
  5706 | D        | Received a gift from Trog
  5714 | D        | Killed an Orb Guardian
  5720 | D        | Received a gift from Trog
  5726 | D        | Killed an Orb Guardian
  5726 | D        | Received a gift from Trog
  5737 | D        | Killed an Orb Guardian
  5749 | D        | Noticed an ancient lich
  5756 | D        | Killed an ancient lich
  5759 | D        | Noticed an orb of fire
  5759 | D        | Gained mutation: Your body sometimes deteriorates upon taking damage. [an orb of fire]
  5767 | D        | Gained mutation: You are frail. (-10% HP) [an orb of fire]
  5768 | D        | Killed an orb of fire
  5768 | D        | Reached skill level 10 in Axes
  5771 | D        | Noticed an electric golem
  5777 | D        | Killed an electric golem
  5780 | D        | Noticed a curse toe
  5780 | D        | Noticed a golden dragon
  5780 | D        | Noticed an Orb Guardian
  5780 | D        | Noticed a tentacled monstrosity
  5780 | D        | Noticed a golden dragon
  5781 | D        | Noticed a Killer Klown
  5787 | D        | Killed a golden dragon
  5787 | D        | Received a gift from Trog
  5793 | D        | Killed a tentacled monstrosity
  5793 | D        | Reached skill level 15 in Unarmed Combat
  5798 | D        | Killed an Orb Guardian
  5799 | D        | Noticed an Orb Guardian
  5800 | D        | Noticed an orb of fire
  5813 | D        | Killed a golden dragon
  5820 | D        | Gained mutation: Your body often deteriorates upon taking damage. [an orb of fire]
  5829 | D        | Killed an orb of fire
  5831 | D        | Noticed an Orb Guardian
  5835 | D        | Received a gift from Trog
  5837 | D        | Noticed a Killer Klown
  5844 | D        | Killed a curse toe
  5846 | D        | Killed an Orb Guardian
  5846 | D        | Received a gift from Trog
  5851 | D        | Killed a Killer Klown
  5852 | D        | Killed an Orb Guardian
  5854 | D        | Noticed an orb of fire
  5916 | D        | Killed an orb of fire
  5916 | D        | Reached skill level 15 in Throwing
  5923 | D        | Killed a Killer Klown
  5923 | D        | Reached XP level 19. HP: 186/186 MP: 28/28
  5972 | D        | Received a gift from Trog
  5996 | D        | Received a gift from Trog
  5996 | D        | Reached skill level 15 in Evocations
  6003 | D        | Reached skill level 15 in Stealth
  6007 | D        | Reached skill level 15 in Axes
  6100 | D        | Noticed an ancient lich
  6100 | D        | Noticed an ancient lich
  6102 | D        | Paralysed by an ancient lich for 2 turns
  6110 | D        | Killed an ancient lich
  6110 | D        | Received a gift from Trog
  6114 | D        | Killed an ancient lich
  6129 | D        | Received a gift from Trog
  6133 | D        | Received a gift from Trog
  6153 | D        | Received a gift from Trog
  6195 | D        | Received a gift from Trog
  6245 | D        | Received a gift from Trog
  6253 | D        | Noticed a Tzitzimitl
  6277 | D        | Received a gift from Trog
  6318 | D        | Received a gift from Trog
  6328 | D        | Got an elven rune of Zot
  6343 | D        | Reached skill level 27 in Long Blades
  6345 | D        | Paralysed by a floating eye for 4 turns
  6363 | D        | Received a gift from Trog
  6366 | D        | Reached XP level 20. HP: 192/194 MP: 12/31
  6371 | D        | Noticed the Royal Jelly
  6372 | D        | Received a gift from Trog
  6396 | D        | Killed the Royal Jelly
  6424 | D        | Paralysed by a floating eye for 3 turns
  6428 | D        | Paralysed by a floating eye for 3 turns
  6433 | D        | Paralysed by a floating eye for 2 turns
  6439 | D        | Paralysed by a floating eye for 2 turns
  6445 | D        | Paralysed by a floating eye for 3 turns
  6449 | D        | Received a gift from Trog
  6515 | D        | Got a slimy rune of Zot
  6622 | D        | Received a gift from Trog
  6626 | D        | Received a gift from Trog
  6637 | D        | Received a gift from Trog
  6643 | D        | Received a gift from Trog
  6663 | D        | Received a gift from Trog
  6711 | D        | Received a gift from Trog
  6720 | D        | Received a gift from Trog
  6757 | D        | Received a gift from Trog
  6779 | D        | Reached skill level 27 in Shields
  6785 | D        | Received a gift from Trog
  6865 | D        | Noticed a greater mummy
  6865 | D        | Noticed a greater mummy
  6865 | D        | Noticed a greater mummy
  6876 | D        | Killed a greater mummy
  6893 | D        | Killed a greater mummy
  6967 | D        | Killed a greater mummy
  7044 | D        | Noticed a greater mummy
  7059 | D        | Killed a greater mummy
  7059 | D        | Received a gift from Trog
  7059 | D        | Received a gift from Trog
  7063 | D        | Noticed a greater mummy
  7067 | D        | Received a gift from Trog
  7082 | D        | Killed a greater mummy
  7082 | D        | Received a gift from Trog
  7082 | D        | Reached skill level 1 in Spellcasting
  7090 | D        | Got a golden rune of Zot
  7100 | D        | Received a gift from Trog
  7116 | D        | Noticed a bone dragon
  7119 | D        | Received a gift from Trog
  7125 | D        | Received a gift from Trog
  7140 | D        | Killed a bone dragon
  7145 | D        | Got an abyssal rune of Zot
  7665 | D        | Got the Orb of Zot
  7844 | D        | Noticed Asaimirch the pandemonium lord
  7852 | D        | Killed Asaimirch the pandemonium lord
  7854 | D        | Received a gift from Trog
  8066 | D        | Received a gift from Trog
  8134 | D        | Received a gift from Trog
  8266 | D        | Received a gift from Trog
  8277 | D        | Reached XP level 21. HP: 110/201 MP: 33/33
  8373 | D        | Received a gift from Trog
  8408 | D        | Received a gift from Trog
  8411 | D        | Noticed Feucwu the pandemonium lord
  8419 | D        | Killed Feucwu the pandemonium lord
  8421 | D        | Received a gift from Trog
  8429 | D        | Received a gift from Trog
  8451 | D        | Received a gift from Trog
  8549 | D        | Reached skill level 27 in Polearms
  8610 | D        | Received a gift from Trog
  8631 | D        | Noticed Siagat the pandemonium lord
  8645 | D        | Killed Siagat the pandemonium lord
  8645 | D        | Received a gift from Trog
  8648 | D        | Received a gift from Trog
  8740 | D        | Received a gift from Trog
  8855 | D        | Received a gift from Trog
  8869 | D        | Noticed Vyhiyg the pandemonium lord
  8885 | D        | Killed Vyhiyg the pandemonium lord
  8885 | D        | Reached skill level 27 in Maces & Flails
  8894 | D        | Received a gift from Trog
  8960 | D        | Noticed an ancient lich
  8965 | D        | Noticed Soimunt the pandemonium lord
  8971 | D        | Killed an ancient lich
  8981 | D        | Killed Soimunt the pandemonium lord
  8981 | D        | Received a gift from Trog
  9022 | D        | Received a gift from Trog
  9044 | D        | Received a gift from Trog
  9142 | D        | Noticed Lybuz the pandemonium lord
  9149 | D        | Noticed an ancient lich
  9158 | D        | Killed Lybuz the pandemonium lord
  9158 | D        | Received a gift from Trog
  9165 | D        | Killed an ancient lich
  9165 | D        | Received a gift from Trog
  9265 | D        | Received a gift from Trog
  9297 | D        | Gained mutation: You are dopey. (Int -2) [a neqoxec]
  9298 | D        | Gained mutation: You occasionally shout uncontrollably at your foes. [a neqoxec]
  9355 | D        | Noticed Zucen the pandemonium lord
  9367 | D        | Killed Zucen the pandemonium lord
  9367 | D        | Received a gift from Trog
  9370 | D        | Received a gift from Trog
  9400 | D        | Received a gift from Trog
  9424 | D        | Got a faintly glowing trident {god gift}
  9425 | D        | Identified the +2 trident of Honesty {drain, rElec rN+} (Trog gifted it to you in the Dungeon)
  9431 | D        | Noticed Ahuucuet the pandemonium lord
  9439 | D        | Killed Ahuucuet the pandemonium lord
  9485 | D        | Reached XP level 22. HP: 209/209 MP: 36/36
  9493 | D        | Received a gift from Trog
  9557 | D        | Received a gift from Trog
  9657 | D        | Noticed Tuduuf the pandemonium lord
  9660 | D        | Noticed Sar Meom the pandemonium lord
  9665 | D        | Killed Tuduuf the pandemonium lord
  9677 | D        | Killed Sar Meom the pandemonium lord
  9677 | D        | Received a gift from Trog
  9677 | D        | Reached skill level 27 in Axes
  9677 | D        | Reached skill level 27 in Unarmed Combat
  9715 | D        | Received a gift from Trog
  9738 | D        | Escaped with the Orb!

Vault maps used:
D:        linesprint

Skill      XL: |  1  2  3  4  5  6  7  8  9 10 11 12 13 14 15 16 17 18 19 20 21 22 |
---------------+-------------------------------------------------------------------+-----
Long Blades    | 6 11 13 15 17 18 19 20 21 23 25 27 | 27.0
Fighting       | 6 8 10 13 16 18 21 24 26 27 | 27.0
Armour         | 5 7 10 12 15 18 21 23 26 27 | 27.0
Dodging        | 5 7 9 12 14 17 20 22 24 25 26 27 | 27.0
Maces & Flails | 6 10 11 13 17 20 23 25 27 | 27.0
Shields        | 6 10 16 19 21 23 25 27 | 27.0
Throwing       | 6 11 15 18 21 24 25 | 25.6
Stealth        | 6 11 14 16 19 23 | 23.9
Unarmed Combat | 7 12 16 19 22 26 27 | 27.0
Evocations     | 6 11 14 16 19 23 | 23.9
Polearms       | 15 18 21 23 26 27 | 27.0
Axes           | 5 13 17 21 26 27 | 27.0
Spellcasting   | 4 |  4.2

Action                   |  1- 3 |  4- 6 |  7- 9 | 10-12 | 13-15 | 16-18 | 19-21 | 22-24 || total
-------------------------+-------+-------+-------+-------+-------+-------+-------+-------++-------
Melee: Falchion          |    17 |     6 |       |       |   116 |   109 |       |       ||   248
       Headbutt          |     3 |     4 |     3 |    44 |   122 |   176 |   248 |    22 ||   622
       Scimitar          |       |    21 |    18 |   123 |   222 |     7 |       |       ||   391
       Great mace        |       |       |       |     5 |       |       |       |       ||     5
       Great sword       |       |       |       |    53 |    44 |       |       |       ||    97
       Demon trident     |       |       |       |       |       |   519 |   864 |    86 ||  1469
Throw: Javelin           |       |       |       |       |     1 |       |       |       ||     1
Invok: Trog's Hand       |       |     1 |     1 |     8 |    10 |     6 |    21 |     1 ||    48
       Berserk           |       |     1 |     1 |     7 |     5 |     1 |     1 |       ||    16
       Brothers in Arms  |       |       |     4 |    13 |    18 |    10 |    14 |       ||    59
Evoke: Wand              |       |       |     1 |     1 |       |     1 |       |       ||     3
  Use: Potion            |     1 |     2 |       |     9 |     1 |     4 |     3 |       ||    20
       Scroll            |       |       |       |     3 |       |     6 |     3 |       ||    12
  Eat: Chunk             |       |       |     2 |     8 |    11 |    56 |    10 |     6 ||    93
       Ration            |       |       |       |     4 |     3 |       |     3 |       ||    10
Armor: Animal skin       |     2 |     1 |       |       |       |       |       |       ||     3
       Ring mail         |       |     9 |     4 |    35 |       |       |       |       ||    48
       Plate armour      |       |       |       |    54 |    41 |       |       |       ||    95
       Gold dragon scale |       |       |       |       |   118 |   107 |   111 |     6 ||   342
       Skin              |       |       |       |       |       |     6 |       |       ||     6
Dodge: Dodged            |    12 |     9 |     4 |    99 |   114 |   126 |    84 |    18 ||   466
Block: Buckler           |       |       |       |    10 |    10 |       |       |       ||    20
       Reflection        |       |       |       |       |     2 |       |       |       ||     2
       Large shield      |       |       |       |       |   174 |   381 |   384 |    49 ||   988
       Rpst.: Falchion   |     1 |       |       |       |     2 |     4 |       |       ||     7
       Scimitar          |       |     2 |     1 |    13 |     8 |     1 |       |       ||    25
       Great sword       |       |       |       |     6 |       |       |       |       ||     6

Table legend:
 A = Spawn XP
 B = Non-spawn XP
 C = Spawn XP percentage of total XP
 D = Spawn monster count
 E = Non-spawn monster count
 F = Spawn count percentage of total count
 G = Total turns spent on level
                    A         B        C        D         E        F      G
               +---------+---------+-------+---------+---------+-------+---------
         Total |       0 |  569989 |   0.0 |       0 |     502 |   0.0 |  9738
               +---------+---------+-------+---------+---------+-------+---------
             D |       0 |  569989 |   0.0 |       0 |     502 |   0.0 |  9738
               +---------+---------+-------+---------+---------+-------+---------
